 Dungeon Crawl Stone Soup version 0.27.1 (webtiles) character file.

Game seed: 10196075539833546859

32 H0rd4k the Caller (level 3, 0/24 HPs)
             Began as a Barachi Summoner on Aug 27, 2021.
             Killed from afar by Natasha (4 damage)
             ... with a magic dart
             ... on level 2 of the Dungeon.
             The game lasted 00:01:52 (1956 turns).

H0rd4k the Caller (Barachi Summoner)                Turns: 1956, Time: 00:01:52

Health: 0/24       AC:  2    Str:  9    XL:     3   Next: 25%
Magic:  3/7        EV: 12    Int: 16    God:
Gold:   36         SH:  0    Dex: 12    Spells: 4/8 levels left

rFire    x . .     SeeInvis .   (no weapon)
rCold    + . .     Faith    .   (no shield)
rNeg     . . .     Spirit   .   a - +0 robe
rPois    .         Reflect  .   (no helmet)
rElec    .         Harm     .   (no cloak)
rCorr    .         Rampage  .   (no gloves)
Will     .....                  (no boots)
Stlth    ++........             (no amulet)
HPRegen  0.08/turn              c - ring of ice
MPRegen  0.10/turn              (no ring)

@: unable to hop, slow
A: amphibious, slowness 1, strong legs 1, +LOS
a: Hop


You were on level 2 of the Dungeon.
You visited 1 branch of the dungeon, and saw 2 of its levels.

You collected 36 gold pieces.

Inventory:

Armour
 a - a +0 robe (worn)
Jewellery
 c - a ring of ice (left hand)
Scrolls
 b - 3 scrolls of teleportation {unknown}


   Skills:
 + Level 2.2 Dodging
 - Level 1.7 Stealth
 * Level 3.0 Spellcasting
 * Level 5.5 Summonings


You had 4 spell levels left.
You knew the following spells:

 Your Spells              Type           Power      Damage    Failure   Level
a - Summon Small Mammal   Summ           80%        N/A       1%          1
b - Call Canine Familiar  Summ           20%        N/A       6%          3

Your spell library contained the following spells:

 Spells                   Type           Power      Damage    Failure   Level
 Call Imp                 Summ           20%        N/A       3%          2
 Summon Guardian Golem    Hex/Summ       11%        N/A       19%         3
 Summon Lightning Spire   Summ/Air       11%        N/A       52%         4


Dungeon Overview and Level Annotations

Branches:
Dungeon (2/15)

Altars:

Shops:
D:1 !

Annotations:
D:2 Natasha


Innate Abilities, Weirdness & Mutations

You are amphibious.
You cover ground slowly.
You can hop short distances.
You have an extended range of vision and can be seen from far away.


Message History

Your quokka closely misses Natasha.
Your quokka misses Natasha. The white imp gestures at you.
The puff of frost hits you. You resist. Natasha claws your quokka!
Your quokka dies!
Your quokka's corpse disappears in a puff of smoke!
Your quokka bites Natasha.
Your bat hits Natasha.
Your quokka closely misses Natasha.
The white imp closely misses your quokka.
The white imp shouts, "Abandon hope, thou erky tickle-brained puttock!"
The white imp gestures at you. The puff of frost hits you. You resist.
Natasha mewls in sadness.
Your bat hits Natasha but does no damage.
Your quokka bites Natasha but does no damage.
The white imp barely misses your quokka.
The white imp gestures at you. The puff of frost hits you. You resist.
You see here a rat corpse.
Your bat misses Natasha.
Natasha casts a spell.
Your bat barely misses Natasha.
Casting: Summon Small Mammal (safe; 1% risk of failure)
Confirm with . or Enter, or press ? or * to list all spells.
You don't have enough magic to cast this spell.
There are monsters nearby!
The white imp gestures at you. The puff of frost hits you. You resist.
Your bat barely misses Natasha.
The white imp gestures at you. The puff of frost hits you. You resist.
Natasha growls.
The white imp gestures at you. The puff of frost hits you. You resist.
* * * LOW HITPOINT WARNING * * *
Hop to where?
Press: ? - help, Dir - move target Boing!
Natasha casts a spell at you. The magic dart hits you.
You die...

#............# ..
##............# ...
#.............#
..8########.............#
........ (........>....#
.....#.## #............#
#....###............#
#...)h.............#
####..5##..○.@........#
#......†5.####..#######
#.$...5#### #..# #....b.#
#..##### ####..r#
#..#..<#
#...#######..#)###
...5...........#
####.#######..### #..
#..#


You could see Natasha and 2 white imps.

Vanquished Creatures
  A dart slug (D:1)
  A kobold (D:1)
2 creatures vanquished.

Vanquished Creatures (collateral kills)
  Natasha (D:2)
  4 endoplasms (D:1)
  A goblin (D:2)
  4 hobgoblins
  3 ball pythons
  A bat (D:1)
  2 frilled lizards (D:1)
  5 kobolds
  3 rats
24 creatures vanquished.

Vanquished Creatures (others)
  3 plants (D:2)
3 creatures vanquished.

Grand Total: 29 creatures vanquished

Notes
Turn   | Place    | Note
-------+----------+-------------------------------------------
     0 | D:1      | H0rd4k the Barachi Summoner began the quest for the Orb.
     0 | D:1      | Reached XP level 1. HP: 13/13 MP: 3/3
    28 | D:1      | Reached skill level 5 in Summonings
   493 | D:1      | Reached XP level 2. HP: 18/19 MP: 0/5
  1211 | D:1      | Found Zured's Distillery.
  1507 | D:2      | Noticed Natasha
  1515 | D:2      | Killed Natasha
  1516 | D:2      | Reached XP level 3. HP: 1/24 MP: 1/7
  1528 | D:2      | Learned a level 3 spell: Call Canine Familiar
  1939 | D:2      | Noticed Natasha
  1956 | D:2      | Killed from afar by Natasha

Illustrated notes

Levels and vault maps discovered:
D:1:      lemuel_arrival_broad_hall, layout_loops_ring, serial_shops,
          nicolae_lakefront_shop, minmay_misc_feat_tower
D:2:      layout_basic, chequers_ecumenical_altar_lobes,
          hangedman_abyss_or_decor_stabs, uniq_natasha, uniq_terence

Skill      XL: |  1  2  3 |
---------------+----------+-----
Summonings     | 5 |  5.5
Spellcasting   | 3 |  3.0
Dodging        | |  2.2
Stealth        | |  1.7

Action                   || total
-------------------------++-------
Melee: Unarmed           ||     9
 Cast: Summon Small Mamm ||    66
       Call Canine Famil ||     3
 Abil: Hop               ||     1
Armor: Robe              ||     6
Dodge: Dodged            ||    15
